 Dungeon Crawl Stone Soup version 0.32-a0-616-g9348d4545b (webtiles) character file.

Game seed: 15818510072143514734

386732 gimp the Skinwalker (level 22, -9/263 (266) HPs)
             Began as a Red Draconian Shapeshifter on Mar 5, 2024.
             Was the Champion of Trog.
             Killed from afar by a deep elf annihilator (41 damage)
             ... with a crystal spear
             ... on level 3 of the Elven Halls.
             The game lasted 02:05:21 (50336 turns).

gimp the Skinwalker (Red Draconian Shapeshifter)   Turns: 50336, Time: 02:05:22

HP:   -9/263 (266)  AC: 35    Str: 17    XL:     22   Next: 1%
MP:   22/22         EV: 32    Int:  7    God:    Trog [******]
Gold: 2919          SH:  0    Dex: 26    Spells: 21/21 levels left

rFire   + .          .
                       - Unarmed
rCold   + + .        (no shield)
rNeg    + . .        (body armour unavailable)
rPois   ∞            V - +1 hat {Stlth+}
rElec   +            O - scarf "Ottyrrob" {shadows, rC+ Str+3 Int-5}
rCorr   +            Z - melded -1 pair of gloves "Niocesku" {rElec rN+ Will+}
SInv    .            C - melded +1 pair of boots
Will    ++...        n - amulet of regeneration
Stlth   ++           q - ring of willpower
HPRegen 1.43/turn    e - ring "Uderuuno" {+Blink rC+ rCorr Str-2 Dex+5}
MPRegen 0.18/turn

%: no passive effects
@: on fire, statue-form, on berserk cooldown, slowed, glowing, lightly drained,
very slow
A: slow and powerful, torment resistance 1, boosted hp, (combustion breath), AC
+11, unfitting armour, fire resistance 1, cold-blooded
}: 2/15 runes: decaying, serpentine
a: Begin Untransformation, Renounce Religion, Evoke Blink, Berserk, Trog's Hand,
Brothers in Arms


You were on level 3 of the Elven Halls.
You worshipped Trog.
Trog was exalted by your worship.
You were a living statue of rough stone.
You visited 8 branches of the dungeon, and saw 38 of its levels.
You also visited: Sewer, Volcano and Desolation.

You collected 4945 gold pieces.
You spent 2026 gold pieces at shops.

Inventory:

Missiles
 X - a curare-tipped dart
 Y - 2 throwing nets
Armour
 C - a +1 pair of boots (melded)
 D - a scarf of repulsion
 O - the scarf "Ottyrrob" (worn) {shadows, rC+ Str+3 Int-5}
   (You acquired it on level 1 of the Orcish Mines)

   Str+3:     It affects your strength (+3).
   Int-5:     It affects your intelligence (-5).
   rC+:       It protects you from cold.
 V - a +1 hat of stealth (worn)
 Z - the -1 pair of gloves "Niocesku" (melded) {rElec rN+ Will+}
   (You found it on level 15 of the Dungeon)

   rElec:     It insulates you from electricity.
   rN+:       It protects you from negative energy.
   Will+:     It increases your willpower.
Jewellery
 e - the ring "Uderuuno" (right fist) {+Blink rC+ rCorr Str-2 Dex+5}
   (You found it in the Desolation of Salt)

   [ring of protection from cold]

   Str-2:     It affects your strength (-2).
   Dex+5:     It affects your dexterity (+5).
   rC+:       It protects you from cold.
   +Blink:    It lets you blink.
   rCorr:     It protects you from acid and corrosion.
 n - an amulet of regeneration (around neck)
 q - a ring of willpower (left fist)
 t - a +4 ring of slaying
 v - the ring "Jephyza" {^Contam rPois rN+ rCorr SInv}
   (You took it off an imperial myrmidon in the Desolation of Salt)

   [ring of resist corrosion]

   rPois:     It protects you from poison.
   rN+:       It protects you from negative energy.
   SInv:      It lets you see invisible.
   ^Contam:   It causes magical contamination when unequipped.
   rCorr:     It protects you from acid and corrosion.
 W - a ring of see invisible
Talismans
 h - a dragon-blood talisman
 i - a granite talisman (active)
 I - a talisman of death
Wands
 E - a wand of warping (27)
 G - a wand of digging (24)
 H - a wand of flame (36)
 M - a wand of quicksilver (11)
 P - a wand of paralysis (53)
 R - a wand of mindburst (14)
Scrolls
 b - 2 scrolls of revelation
 d - 2 scrolls of immolation
 f - a scroll of fear
 k - 2 scrolls of summoning
 l - 5 scrolls of enchant armour
 m - 5 scrolls of poison
 s - 13 scrolls of teleportation
 u - a scroll of blinking
 B - 5 scrolls of silence
 K - 6 scrolls of fog
Potions
 a - 8 potions of lignification
 g - 5 potions of magic
 j - 2 potions of invisibility
 p - 5 potions of might
 r - 10 potions of enlightenment
 w - a potion of ambrosia
 z - 6 potions of heal wounds
 A - 13 potions of curing
 F - 8 potions of cancellation
 J - 2 potions of resistance
 S - 5 potions of haste
 U - 4 potions of mutation
Miscellaneous
 c - a tin of tremorstones (2/2)
 o - a box of beasts
 x - a lightning rod (4/4)
 y - a phantom mirror (inert)


   Skills:
 - Level 19.0 Fighting
 + Level 20.7 Dodging
 * Level 18.1 Unarmed Combat
 + Level 22.0 Shapeshifting


You had 21 spell levels left.
You didn't know any spells.
Your spell library contained the following spells:

 Spells                   Type           Power      Damage    Failure   Level
 Foxfire                  Conj/Fire      0%         2x1d4     43%         1
 Frozen Ramparts          Ice            0%         1d1       80%         3
 Leda's Liquefaction      Alch/Erth      0%         N/A       99%         4
 Petrify                  Alch/Erth      0%         N/A       99%         4
 Metabolic Englaciation   Hex/Ice        0%         N/A       100%        5
 Plasma Beam              Fire/Air       0%         2x1d10    100%        6
 Starburst                Conj/Fire      0%         6d3       100%        6


Dungeon Overview and Level Annotations

Branches:
Dungeon (15/15)            Temple (1/1) D:4            Lair (5/5) D:11
  Swamp (4/4) Lair:3        Snake (4/4) Lair:3        Slime (0/5) Lair:4
    Orc (2/2) D:11            Elf (3/3) Orc:2        Vaults (4/5) D:13
  Crypt (0/3) Vaults:2     Depths (0/4) D:15          Sewer (visited)
Volcano (visited)         Desolation (visited)

Altars:
Ashenzari
Cheibriados
Dithmenos
Elyvilon
Fedhas
Gozag
Hepliaklqana
Kikubaaqudgha
Makhleb
Nemelex Xobeh
Okawaru
Qazlal
Ru
Sif Muna
Trog
Uskayaw
Vehumet
Wu Jian
Xom
Yredelemnul
Zin
The Shining One
Beogh

Shops:
D:2 (   Orc:2 =*[(   Elf:1 [   Elf:2 *   Elf:3 :   Snake:1 *!   Snake:3 :

Portals:
Trove: D:15 (give 4 scrolls of blinking)

Annotations:
D:3 3 runed translucent doors, 1 transporter, exclusions: 3 doors and downstairs, Pokonic1's ghost, amateur OnMo
D:4 exclusion: moth of wrath
D:14 2 runed translucent doors, exclusion: 2 doors, Ucadoall's ghost, journeyman BaHu
D:15 Roxanne
Lair:1 2 transporters, CougarLife's ghost, journeyman GrEE
Swamp:1 2 transporters, Don Ynad's ghost, adept FoDe
Snake:1 2 transporters, ragingrage's ghost, adept CoBe


Innate Abilities, Weirdness & Mutations

You are a living statue of rough stone.
Your actions are slow, but your melee attacks are powerful.
You are resistant to unholy torment.
Your maximum health is greatly increased.
Your equipment is partially melded.
((You can breathe blasts of explosive embers.))
((Your fiery red scales are hard. (AC +11)))
You cannot fit into any form of body armour.
You are immune to poison.
Your flesh is heat resistant. (rF+)
You are cold-blooded and may be slowed by cold attacks.


Message History

Items here: $ ) = †.
You take 14 damage, and have 160/266 hp.
You hit the deep elf pyromancer.
The deep elf pyromancer is almost dead.
The liquid fire burns you!
The deep elf pyromancer casts a spell.
The deep elf pyromancer blinks!
You take 4 damage, and have 156/266 hp.
You pummel the deep elf sorcerer!! You punch the deep elf sorcerer!
The deep elf sorcerer is almost dead.
The liquid fire burns you!
You hear a shout!
The deep elf sorcerer hits you but does no damage.
The deep elf sorcerer closely misses you.
The deep elf pyromancer casts a spell.
The deep elf pyromancer blinks!
The deep elf sorcerer completely misses you.
You take 3 damage, and have 153/266 hp.
You hit the deep elf sorcerer.
You punch the deep elf sorcerer, but do no damage.
The deep elf sorcerer is severely wounded.
The liquid fire burns you!
The deep elf sorcerer hits you but does no damage.
You take 10 damage, and have 143/266 hp.
You closely miss the deep elf sorcerer.
The deep elf sorcerer is severely wounded.
The liquid fire burns you!
You are no longer corroded.
The deep elf sorcerer hits you but does no damage.
A deep elf annihilator comes into view. It is wielding a +0 long sword.
The deep elf sorcerer barely misses you.
The deep elf pyromancer points at you and mumbles some strange words.
The pyre arrow hits you.
You are even more covered in intense liquid fire!
The deep elf sorcerer misses you.
You take 5 damage, and have 138/266 hp.
You beat the deep elf sorcerer into a bloody pulp!!!
You kill the deep elf sorcerer!
Trog accepts your kill.
Trog appreciates your killing of a magic user.
The liquid fire burns you! The fire elemental closely misses you.
You take 9 damage, and have 129/266 hp.
You closely miss the deep elf pyromancer.
You punch the deep elf pyromancer.
The deep elf pyromancer is almost dead.
The liquid fire burns you! The fire elemental hits you.
The fire elemental burns you! You resist.
The deep elf pyromancer barely misses you.
The fire elemental hits you.
The deep elf death mage is engulfed in blazing flames.
The deep elf pyromancer hits you but does no damage.
You take 6 damage, and have 123/266 hp.
You closely miss the deep elf pyromancer.
The deep elf pyromancer is almost dead.
The liquid fire burns you! The fire elemental misses you.
The deep elf pyromancer mumbles some strange words.
The deep elf pyromancer blinks!
You take 4 damage, and have 119/266 hp.
You shake off some of the fire as you move.
The liquid fire burns you!
The deep elf annihilator is engulfed in blazing flames.
The deep elf pyromancer completely misses you.
The deep elf pyromancer gestures wildly while chanting.
The deep elf pyromancer barely misses you.
You take 6 damage, and have 113/266 hp.
You completely miss the deep elf pyromancer.
The deep elf pyromancer is almost dead.
The liquid fire burns you!
The deep elf death mage closely misses you.
The deep elf pyromancer casts a spell at you.
The pyre arrow hits you.
You are even more covered in intense liquid fire!
The deep elf death mage hits you but does no damage.
The deep elf pyromancer gestures at you while chanting.
The pyre arrow hits you.
You are even more covered in intense liquid fire!
You take 7 damage, and have 106/266 hp.
You pummel the deep elf pyromancer!!
You kill the deep elf pyromancer!
Trog accepts your kill.
Trog appreciates your killing of a magic user.
The fire elemental disappears in a puff of smoke! x3
The liquid fire burns you!
The deep elf death mage points at you and mumbles some strange words.
The bolt of negative energy hits you! You partially resist.
You feel drained.
The deep elf death mage points at you and mumbles some strange words.
The bolt of negative energy misses you.
You take 11 damage, and have 95/263 hp.
You shake off some of the fire as you move.
The liquid fire burns you!
The fire elemental disappears in a puff of smoke!
The deep elf annihilator casts a spell at you.
The crystal spear hits you!!!
* * * LOW HITPOINT WARNING * * *
The deep elf death mage misses you.
The deep elf annihilator points at you and mumbles some strange words.
The crystal spear hits you!!!
You die...

##.......#. #.)...#
##.........#####.).#
.............###e..#
.....°........).)..#
......°............##
....○.e§°.....$.....###
..###E###............##
##.Eee.##............#
###..).I..###...........
#...))).....##..........
#...).......##.....#....
#...........##....###...
#...........##.....#....
#...........##..........
#....)......##..........
###...(...######.......#
##.....## ##.....##


You could see a deep elf death mage, a deep elf annihilator, a deep elf
pyromancer and 2 fire elementals.

Vanquished Creatures
  Bai Suzhen (Vaults:4)
  Vashnia (Snake:2)
  Norris (Vaults:2)
  Nikola (Swamp:3)
  Jory (Vaults:2)
  2 bone dragons
  Jorgrun (Snake:2)
  A tentacled monstrosity (Swamp:1)
  Zenata (Elf:2)
  Mlioglotl (Swamp:3)
  2 deep elf master archers (Elf:3)
  A quicksilver dragon (Snake:4)
  4 sphinxes (Vaults:4)
  2 deep elf blademasters
  Gastronok (Lair:3)
  A thorn hunter (Swamp:3)
  5 nagarajas
  A fire giant (Vaults:3)
  2 imperial myrmidons (Desolation)
  8 deep elf sorcerers (Elf:3)
  A frost giant (Vaults:3)
  2 deep elf elementalists (Elf:3)
  Louise (Snake:3)
  2 orc warlords
  12 vault wardens
  16 ironbound preservers
  2 stone giants (Vaults:4)
  A formless jellyfish (Vaults:4)
  8 ironbound thunderhulks
  Nessos (Lair:4)
  6 eleionomae
  3 deep elf death magi (Elf:3)
  5 deep elf demonologists
  4 halazid warlocks (Desolation)
  2 war gargoyles (Vaults:4)
  15 dire elephants
  5 bunyips
  8 deep elf annihilators
  Snorg (D:11)
  4 ettins
  A crystal guardian (Desolation)
  A shambling mangrove (Swamp:2)
  8 deep elf high priests (Elf:3)
  2 entropy weavers
  A fire dragon (Lair:5)
  8 ragged hierophants (Desolation)
  3 great orbs of eyes
  A quicksilver dragon zombie (D:15)
  12 vault guards
  8 peacekeepers
  15 yaktaur captains
  5 salamander tyrants
  6 servants of whispers (Desolation)
  An alligator (shapeshifter) (Vaults:2)
  14 hydras
  9 alligators
  2 ghost crabs
  7 ironbound frosthearts
  8 anacondas
  12 centaur warriors
  24 dancing weapons
  4 boulder beetles
  4 tengu warriors
  18 naga sharpshooters
  14 death yaks
  6 orc high priests
  13 shock serpents
  6 hell knights (Vaults:4)
  18 deep elf knights
  7 naga warriors
  3 skeletal warriors (D:15)
  10 spriggans
  A death drake (shapeshifter) (Vaults:4)
  A salamander mystic (Snake:4)
  3 skysharks
  A titan skeleton (Vaults:4)
  5 spectral hydras (Swamp:4)
  7 goliath frogs
  45 deep trolls
  2 glowing orange brains
  10 sea snakes (Snake:3)
  2 spriggan druids
  A flayed ghost (D:15)
  A storm dragon skeleton (D:15)
  10 mana vipers
  3 necromancers
  A spectral alligator (Swamp:4)
  4 phantasmal warriors
  An eye of devastation (shapeshifter) (Vaults:4)
  13 deep elf archers
  19 ironbound convokers
  3 naga ritualists
  9 arcanists
  7 bog bodies
  2 thermic dynamos (Elf:1)
  4 lindwurms
  9 swamp dragons
  10 orc knights
  25 deep elf pyromancers
  3 orc sorcerers
  5 cyclopes
  An oklob plant (Lair:5)
  22 deep elf zephyrmancers
  30 ugly things
  4 manticores
  20 salamanders
  2 will-o-the-wisps
  A stone giant zombie (Vaults:4)
  4 elephants (Lair:4)
  A kobold blastminer (Orc:2)
  5 molten gargoyles (Volcano)
  3 meliai (D:15)
  12 naga magi
  16 vault sentinels
  5 guardian serpents
  2 gargoyles
  37 black mambas
  11 cane toads
  A torpor snail (Lair:5)
  An unseen horror (D:12)
  4 orange demons (Orc:1)
  2 swamp worm zombies (Swamp:4)
  An efreet (Volcano)
  23 yaktaurs
  A rime drake (Lair:5)
  14 komodo dragons
  2 kobold demonologists (D:12)
  2 tengu conjurers
  12 trolls
  14 hornets
  3 hydra zombies (Swamp:4)
  2 bloated husks (Swamp:4)
  2 polar bears
  22 blink frogs
  47 saltlings
  12 tyrant leeches
  An ettin zombie (Vaults:4)
  3 spectral swamp dragons (Swamp:4)
  A culicivora (shapeshifter) (D:15)
  2 air elementals (Elf:1)
  A jumping spider (Vaults:3)
  29 slime creatures
  3 wyverns (D:8)
  35 yaks
  5 water elementals
  A shadow (D:10)
  3 fire elementals
  A vampire (D:10)
  A wraith (D:11)
  2 yaks (shapeshifter)
  Grum (D:9)
  6 tyrant leech zombies (Swamp:4)
  3 wargs
  16 vampire mosquitoes
  3 redbacks
  4 basilisks
  3 steam dragons (Lair:5)
  30 nagas
  16 swamp worms
  2 acid dragons (Lair:5)
  17 water moccasins
  9 swamp drakes
  34 orc warriors
  An ice beast (D:7)
  A sky beast (D:7)
  3 black bears
  3 swamp dragon zombies (Swamp:4)
  4 ogres
  4 laughing skulls
  A centaur (shapeshifter) (Elf:1)
  8 wolves
  16 centaurs
  9 phantoms
  6 kobold brigands
  13 bullfrogs
  A gnoll sergeant (D:11)
  An earth elemental (Elf:2)
  4 scorpions
  18 wights
  7 electric eels
  11 howler monkeys
  A bombardier beetle (D:3)
  3 jellies
  18 orc priests
  2 sleepcaps (D:7)
  A hound (D:5)
  4 gnoll boudas
  10 iguanas
  29 orc wizards
  8 adders
  27 gnolls
  2 white imps (D:8)
  2 ufetubi (D:6)
  10 dart slugs (Sewer)
  8 ribbon worms
  98 orcs
  2 bats
  15 endoplasms
  12 giant cockroaches
  6 goblins
  8 hobgoblins
  5 jackals
  4 quokkas (D:4)
  10 ball pythons
  14 frilled lizards (Sewer)
  13 kobolds
  10 rats
1601 creatures vanquished.

Vanquished Creatures (collateral kills)
  Agnes (D:15)
  A peacekeeper (Vaults:4)
  A deep elf pyromancer (Elf:2)
  A cyclops (Volcano)
  A guardian serpent (Desolation)
  A molten gargoyle (Volcano)
  4 saltlings (Desolation)
  A swamp worm (Swamp:1)
  A water moccasin (D:4)
  A swamp drake (Swamp:1)
  2 laughing skulls (D:15)
  An adder (D:5)
  A jackal (D:4)
17 creatures vanquished.

Vanquished Creatures (others)
  A deep elf pyromancer (Elf:1)
  A deep elf zephyrmancer (Elf:3)
  A hydra zombie (Swamp:4)
  4 bloated husks
  2 saltlings (Desolation)
  A boggart (Vaults:2)
  3 phantoms (Swamp:4)
  An orc wizard (D:11)
  8 foxfires
22 creatures vanquished.

Grand Total: 1640 creatures vanquished

Notes
Turn   | Place    | Note
-------+----------+-------------------------------------------
     0 | D:1      | gimp the Draconian Shapeshifter began the quest for the
                  | Orb.
     0 | D:1      | Reached XP level 1. HP: 16/16 MP: 1/1
   482 | D:1      | Reached XP level 2. HP: 23/23 MP: 2/2
   824 | D:2      | Found Qywiboaxt's Weapon Shoppe.
  1065 | D:2      | Reached XP level 3. HP: 29/29 MP: 3/3
  1195 | D:2      | Reached XP level 4. HP: 34/37 MP: 4/4
  1369 | D:2      | Found a faded altar of an unknown god.
  1876 | D:3      | Found a runed translucent gate.
  1876 | D:3      | Found a runed translucent gate.
  1878 | D:3      | Found a runed translucent gate.
  1885 | D:3      | Noticed a scorpion
  1885 | D:3      | Noticed Pokonic1's ghost (amateur OnMo)
  2094 | D:3      | Reached skill level 5 in Unarmed Combat
  2094 | D:3      | Reached XP level 5. HP: 33/45 MP: 5/5
  2442 | D:3      | Found a sparkling altar of Nemelex Xobeh.
  2442 | D:3      | Found a transporter.
  2442 | D:3      | Noticed a black bear
  2519 | D:4      | Found a glowing golden altar of the Shining One.
  2558 | D:4      | Found a glowing drain.
  2584 | Sewer    | Entered a sewer
  2839 | Sewer    | Reached XP level 6. HP: 43/52 MP: 6/6
  3303 | D:4      | Noticed a water moccasin
  3310 | D:4      | Killed a water moccasin
  3425 | D:4      | Found a staircase to the Ecumenical Temple.
  3455 | Temple   | Entered the Ecumenical Temple
  3532 | D:4      | Found a snail-covered altar of Cheibriados.
  3591 | D:4      | Your scales start taking on a fiery red colour.
  3591 | D:4      | Reached XP level 7. HP: 32/60 MP: 7/7
  3591 | D:4      | Gained mutation: Your flesh is heat resistant. (rF+) [Red
                  | Draconian growth]
  3602 | D:4      | Reached skill level 5 in Fighting
  3786 | D:4      | Noticed a moth of wrath
  3789 | D:4      | Found a bloodstained altar of Trog.
  3859 | D:4      | Identified the +5 hand axe "Xuetwed" {flame, *Noise Dex+3
                  | SInv}
  3864 | D:4      | Became a worshipper of Trog the Wrathful
  3907 | D:5      | Entered Level 5 of the Dungeon
  4627 | D:6      | Reached XP level 8. HP: 63/68 MP: 8/8
  4629 | D:6      | Reached * piety under Trog
  4706 | D:6      | Reached skill level 4 in Shapeshifting
  5089 | D:6      | Found an iron altar of Okawaru.
  5090 | D:6      | Found a blossoming altar of Fedhas.
  5103 | D:6      | Found a hide-covered altar of Uskayaw.
  5414 | D:6      | Reached skill level 5 in Shapeshifting
  5920 | D:7      | Reached skill level 10 in Unarmed Combat
  6009 | D:7      | Reached XP level 9. HP: 74/74 MP: 9/9
  6211 | D:7      | Found a burning altar of Makhleb.
  6214 | D:7      | Noticed a cacodemon
  6250 | D:7      | Reached skill level 6 in Shapeshifting
  6635 | D:8      | Reached ** piety under Trog
  6680 | D:8      | Identified the +5 shortbow of Ru {freeze, Int+3}
  7168 | D:8      | Reached skill level 7 in Shapeshifting
  7464 | D:9      | Noticed Grum
  7473 | D:8      | Reached XP level 10. HP: 80/81 MP: 10/10
  7497 | D:9      | Killed Grum
  7614 | D:9      | Identified the +9 orcbow of Ruamoph {drain, rElec rC+
                  | Dex-5}
  7644 | D:9      | Found a shimmering blue altar of Sif Muna.
  7709 | D:9      | Reached *** piety under Trog
  8052 | D:9      | Found a stormy altar of Qazlal.
  8100 | D:10     | Entered Level 10 of the Dungeon
  8168 | D:10     | Found a radiant altar of Vehumet.
  8226 | D:10     | Found a broken altar of Ashenzari.
  8232 | D:10     | Reached skill level 8 in Shapeshifting
  9556 | D:11     | Reached XP level 11. HP: 69/86 MP: 11/11
  9732 | D:11     | Reached **** piety under Trog
  9870 | D:11     | Found a staircase to the Orcish Mines.
  9942 | D:11     | Noticed Snorg
  9959 | D:11     | Killed Snorg
  9963 | D:11     | Reached skill level 9 in Shapeshifting
 10069 | D:11     | Found a staircase to the Lair.
 10303 | D:11     | Noticed a deep elf pyromancer
 10314 | D:11     | Killed a deep elf pyromancer
 10622 | Orc:1    | Entered Level 1 of the Orcish Mines
 10624 | Orc:1    | Identified 2 scrolls of acquirement
 10624 | Orc:1    | Acquired the scarf "Ottyrrob" {shadows, rC+ Str+3 Int-5}
 10625 | Orc:1    | Acquired 1251 gold pieces
 10674 | Orc:1    | Found a dark tunnel.
 10682 | Volcano  | Entered a volcano
 11217 | Volcano  | Reached skill level 15 in Unarmed Combat
 11260 | Volcano  | Noticed an orc knight
 11285 | Volcano  | Killed an orc knight
 11582 | Volcano  | Noticed an arcanist
 11702 | Volcano  | Noticed an orb of fire
 11728 | Volcano  | Killed an arcanist
 11738 | Volcano  | Noticed an orb of fire
 12163 | Orc:1    | Reached XP level 12. HP: 90/94 MP: 12/12
 12296 | Orc:1    | Reached skill level 10 in Shapeshifting
 12382 | Orc:1    | Reached skill level 5 in Dodging
 12507 | Lair:1   | Entered Level 1 of the Lair of Beasts
 12579 | Lair:1   | Noticed a death yak
 12584 | Lair:1   | Noticed CougarLife's ghost (journeyman GrEE)
 12586 | Lair:1   | Found a transporter.
 12586 | Lair:1   | Noticed a five-headed hydra
 13152 | Lair:1   | Found a transporter.
 13768 | Lair:2   | Reached ***** piety under Trog
 14635 | Lair:3   | Noticed a five-headed hydra
 14640 | Lair:3   | Killed a five-headed hydra
 14641 | Lair:3   | Reached skill level 11 in Shapeshifting
 14780 | Lair:3   | Reached XP level 13. HP: 107/107 MP: 13/13
 15096 | Lair:3   | Noticed Gastronok
 15252 | Lair:3   | Killed Gastronok
 15473 | Lair:3   | Found a staircase to the Swamp.
 15677 | Lair:3   | Found a staircase to the Snake Pit.
 16064 | Lair:4   | Noticed Nessos
 16071 | Lair:4   | Killed Nessos
 16138 | Lair:4   | Reached skill level 12 in Shapeshifting
 16411 | Lair:4   | Found a staircase to the Slime Pits.
 16758 | Lair:4   | Received a gift from Trog
 17104 | Lair:5   | Entered Level 5 of the Lair of Beasts
 17124 | Lair:5   | Reached XP level 14. HP: 118/118 MP: 14/14
 17235 | Lair:5   | Reached skill level 10 in Dodging
 17681 | Lair:5   | Reached skill level 13 in Shapeshifting
 19275 | Orc:1    | Received a gift from Trog
 19675 | Orc:2    | Entered Level 2 of the Orcish Mines
 20350 | Orc:2    | Reached skill level 14 in Shapeshifting
 20361 | Orc:2    | Noticed an orc warlord
 20583 | D:11     | Killed an orc warlord
 21349 | Orc:2    | Paralysed by an orc sorcerer for 4 turns
 21699 | Orc:2    | Found a staircase to the Elven Halls.
 21851 | Orc:2    | Found Qon Tyamnell's Antique Armour Emporium.
 21852 | Orc:2    | Found Nujishrue's Antique Weapon Emporium.
 21854 | Orc:2    | Found Ovehutit's General Store.
 21854 | Orc:2    | Found Bookhloh's Jewellery Shoppe.
 21870 | Orc:2    | Bought a lightning rod (4/4) for 400 gold pieces
 22109 | Orc:2    | Found a roughly hewn altar of Beogh.
 22144 | Orc:2    | Received a gift from Trog
 22345 | Orc:2    | Bought a pair of runed boots for 262 gold pieces
 22369 | Orc:2    | Bought a potion of curing for 30 gold pieces
 22370 | Orc:2    | Bought a ring of poison resistance for 280 gold pieces
 22451 | D:11     | Upgraded the game from 0.32-a0-612-g1c984fe9d1 to
                  | 0.32-a0-616-g9348d4545b
 22789 | D:12     | Reached XP level 15. HP: 121/124 MP: 15/15
 23413 | D:13     | Found a gate to the Vaults.
 23554 | D:13     | Found a blossoming altar of Fedhas.
 24005 | D:13     | Reached skill level 10 in Fighting
 24639 | D:14     | Reached skill level 15 in Shapeshifting
 24730 | D:14     | Found a large runed translucent door.
 24730 | D:14     | Found a large runed translucent door.
 24732 | D:14     | Noticed Ucadoall's ghost (journeyman BaHu)
 25084 | D:15     | Entered Level 15 of the Dungeon
 25249 | D:15     | Found a staircase to the Depths.
 25270 | D:15     | Received a gift from Trog
 25459 | D:15     | Noticed Agnes
 25459 | D:15     | Noticed Roxanne
 25468 | D:15     | Killed Agnes
 26153 | D:15     | Identified the -1 pair of gloves "Niocesku" {rElec rN+
                  | Will+}
 26342 | D:15     | Found a portal to a secret trove of treasure.
 26782 | Swamp:1  | Entered Level 1 of the Swamp
 27213 | Snake:1  | Entered Level 1 of the Snake Pit
 27253 | Snake:1  | Found Ohuah's Distillery.
 27711 | Snake:1  | Found a transporter.
 27804 | Snake:1  | Found Reynofof's Overcharged Wands.
 28131 | Snake:1  | Reached XP level 16. HP: 139/139 MP: 16/16
 28719 | Snake:1  | Noticed ragingrage's ghost (adept CoBe)
 28733 | Snake:1  | Found a transporter.
 29284 | Snake:2  | Noticed Jorgrun
 29298 | Snake:2  | Killed Jorgrun
 29649 | Snake:1  | Bought a potion of heal wounds for 60 gold pieces
 29649 | Snake:1  | Bought a potion of mutation for 96 gold pieces
 29649 | Snake:1  | Bought a potion of mutation for 96 gold pieces
 29649 | Snake:1  | Bought a potion of enlightenment for 60 gold pieces
 29649 | Snake:1  | Bought a potion of enlightenment for 60 gold pieces
 29773 | Snake:2  | Reached skill level 16 in Shapeshifting
 30072 | Snake:2  | Noticed Vashnia
 30305 | Snake:2  | Received a gift from Trog
 30665 | Snake:2  | Killed Vashnia
 31298 | Snake:3  | Found Vuzom's Book Shop.
 32018 | Snake:3  | Noticed Louise
 32031 | Snake:3  | Killed Louise
 33223 | Snake:3  | Reached XP level 17. HP: 129/152 MP: 17/17
 33709 | Snake:4  | Entered Level 4 of the Snake Pit
 33764 | Snake:4  | Reached skill level 15 in Dodging
 34132 | Snake:4  | Reached skill level 17 in Shapeshifting
 35303 | Snake:4  | Noticed a quicksilver dragon
 35315 | Snake:4  | Killed a quicksilver dragon
 35334 | Snake:4  | Got a serpentine rune of Zot
 35563 | Lair:3   | Reached skill level 15 in Fighting
 35726 | Swamp:1  | Noticed a tentacled monstrosity
 35728 | Swamp:1  | Noticed Don Ynad's ghost (adept FoDe)
 35733 | Swamp:1  | Found a transporter.
 35737 | Swamp:1  | Found a transporter.
 35781 | Swamp:1  | Noticed a tentacled monstrosity
 35801 | Swamp:1  | Killed a tentacled monstrosity
 37590 | Swamp:3  | Noticed Nikola
 37599 | Swamp:3  | Killed Nikola
 37600 | Swamp:3  | Reached XP level 18. HP: 166/166 MP: 18/18
 37804 | Swamp:3  | Reached skill level 18 in Shapeshifting
 38138 | Swamp:4  | Entered Level 4 of the Swamp
 38175 | Swamp:4  | Noticed Mlioglotl
 38201 | Swamp:3  | Killed Mlioglotl
 38415 | Swamp:4  | Identified the +6 quarterstaff of Karma {freeze, Int+4}
 38918 | Swamp:4  | Received a gift from Trog
 38937 | Swamp:4  | Noticed a bone dragon
 39130 | Swamp:4  | Killed a bone dragon
 39213 | Swamp:4  | Got a decaying rune of Zot
 39432 | Vaults:1 | Entered Level 1 of the Vaults
 39795 | Vaults:1 | Found a crumbling gateway.
 39814 | Desolati | Entered the Desolation of Salt
 39848 | Desolati | Identified the ring "Jephyza" {^Contam rPois rN+ rCorr
                  | SInv}
 39988 | Desolati | Identified the staff of the Sky {rPois rF- Str+2 Dex+4 Summ
                  | Alchemy}
 40179 | Desolati | Received a gift from Trog
 40275 | Desolati | Identified the ring "Uderuuno" {+Blink rC+ rCorr Str-2
                  | Dex+5}
 40331 | Desolati | Identified the +0 dagger of Dadae {flame, rF+++ Will+ Int-2
                  | Dex+8}
 40537 | Desolati | Reached XP level 19. HP: 176/176 MP: 19/19
 40898 | Desolati | Identified the +5 plate armour "Ceydghed" {rF+ Will+ Str+3}
 41175 | Vaults:1 | Reached skill level 19 in Shapeshifting
 41357 | Vaults:1 | Received a gift from Trog
 42231 | Vaults:2 | Noticed Jory
 42244 | Vaults:2 | Killed Jory
 42246 | Vaults:2 | Noticed a bone dragon
 42260 | Vaults:2 | Killed a bone dragon
 42348 | Vaults:2 | Found a staircase to the Crypt.
 42486 | Vaults:2 | Noticed Norris
 42507 | Vaults:2 | Killed Norris
 43018 | Vaults:2 | Reached ****** piety under Trog
 43223 | Vaults:2 | Received a gift from Trog
 43620 | Vaults:3 | Reached XP level 20. HP: 191/191 MP: 20/20
 43693 | Vaults:3 | Reached skill level 20 in Shapeshifting
 43968 | Vaults:3 | Received a gift from Trog
 44868 | Vaults:3 | Received a gift from Trog
 45570 | Vaults:4 | Received a gift from Trog
 45755 | Vaults:4 | Reached skill level 21 in Shapeshifting
 46224 | Vaults:4 | Noticed Bai Suzhen
 46240 | Vaults:4 | Reached XP level 21. HP: 84/198 MP: 21/21
 46460 | Vaults:4 | Killed Bai Suzhen
 47317 | Elf:1    | Entered Level 1 of the Elven Halls
 47340 | Elf:1    | Received a gift from Trog
 47499 | Elf:1    | Paralysed by an air elemental for 1 turns
 47738 | Elf:1    | Found Opixam's Armour Shop.
 47826 | Elf:1    | Received a gift from Trog
 48344 | Elf:2    | Found Giwugil's Assorted Antiques.
 48356 | Elf:2    | Bought a potion of haste for 390 gold pieces
 48356 | Elf:2    | Bought a scroll of revelation for 292 gold pieces
 48657 | Elf:2    | Found a runed translucent gate.
 48657 | Elf:2    | Found a runed translucent gate.
 48657 | Elf:2    | Found a runed translucent gate.
 48726 | Elf:2    | Identified the blade talisman of Sif Muna's Indignation
                  | {Dex+6}
 48758 | Elf:2    | Received a gift from Trog
 48867 | Elf:2    | Noticed Zenata
 49217 | Elf:2    | Killed Zenata
 49328 | Elf:3    | Entered Level 3 of the Elven Halls
 49370 | Elf:3    | Received a gift from Trog
 49489 | Elf:3    | Found Guasidgh's Self-Published Books.
 50216 | Elf:3    | Reached skill level 22 in Shapeshifting
 50225 | Elf:3    | Received a gift from Trog
 50317 | Elf:3    | Identified the +8 falchion "Afom Xosuam" {venom, ^Drain
                  | rCorr Int+4}
 50325 | Elf:3    | Reached XP level 22. HP: 174/205 MP: 22/22
 50336 | Elf:3    | Killed from afar by a deep elf annihilator

Illustrated notes

Levels and vault maps discovered:
D:1:      psy_arrival_basics, layout_basic, nrook_loot_triangle,
          minmay_misc_feat_plants
D:2:      layout_basic, dreamdust_ecumenical_altar_angels_and_demons,
          serial_shops, shop
D:3:      layout_loops_cross, grunt_nemelex_the_gamble, gammafunk_ghost_split
D:4:      layout_cave_pools, tgw_trog, mainiacjoe_overflow_paths,
          mainiacjoe_overflow_six_doors_small, temple_hall, portal_sewer_entry_b
D:5:      layout_cave_pools
D:6:      layout_basic, grunt_temple_overflow_open
D:7:      layout_rooms, makhleb_altar_promises_db
D:8:      layout_loops_ring, minmay_misc_feat_nine_boxes
D:9:      layout_rooms, mainiacjoe_overflow_alcove_1,
          nicolae_qazlal_eye_of_the_storm, uniq_grum
D:10:     layout_long_grid, nicolae_vehumet_radiance, kennysheep_little_box
D:11:     layout_cave_pods, lair_entry_dummy, hiddenorc2_lemuel, uniq_snorg
D:12:     nicolae_moon_pools, layout_rooms, minmay_misc_feat_rugged
D:13:     layout_roguey, hellmonk_vaults_attempted_burglary,
          fedhas_bush_and_centaur_altar
D:14:     layout_basic, minivault_14, ebering_ghost_disaster_area
D:15:     gammafunk_depths_entry_grave, layout_basic,
          nicolae_trove_entry_free_sample, uniq_agnes, uniq_roxanne
Temple:   jpeg_temple_alley_garden
Lair:1:   layout_regular_city, gammafunk_ghost_arena, grunt_megastairs_3
Lair:2:   layout_hall_layers, serial_forest, infiniplex_forest_split,
          infiniplex_forest_lined_2, infiniplex_forest_clump_small,
          infiniplex_forest_3_way, infiniplex_forest_straight_3,
          infiniplex_forest_lined_ring, infiniplex_forest_clump_small,
          infiniplex_forest_clump_tiny, infiniplex_forest_clump_medium
Lair:3:   layout_hall_layers, minmay_swamp_entry_worms,
          nicolae_snake_entry_squirm, pond, uniq_gastronok
Lair:4:   layout_regular_city, dpeg_slime_entry_corner, uniq_nessos
Lair:5:   guppyfry_lair_end_dragon, layout_gridlike,
          hangedman_lair_generics_rect, grunt_megastairs_2
Swamp:1:  layout_basic_swamp, gammafunk_ghost_arena, evilmike_swamp_ruin_house_6
Swamp:2:  nicolae_swamp_wrong_neighborhood, layout_falls_marsh,
          nicolae_swamp_small_spring, swamp_pool_5
Swamp:3:  layout_falls_marsh, evilmike_swamp_ruin_rubble_2, uniq_nikola
Swamp:4:  swamp_pestilence, layout_basic_swamp, uniq_mlioglotl
Snake:1:  layout_gridlike, gammafunk_ghost_wrathful_warriors,
          nicolae_take_the_stairs, nicolae_shop_overcharged_wands
Snake:2:  layout_onion_interference, nicolae_snake_shapes, uniq_jorgrun,
          uniq_vashnia
Snake:3:  layout_gridlike, serial_bayou, serial_bayou_lagoon_b,
          serial_bayou_pond_b, serial_bayou_pond_c, serial_bayou_lagoon_a,
          nicolae_stop_n_shop_1, uniq_louise
Snake:4:  hellmonk_snake_rune_quicksilver_temple, layout_misc_corridors,
          nicolae_snake_salamander_jacuzzi
Orc:1:    layout_caves, enter_volcano_2, einodemon_barbed_minivault
Orc:2:    st_orc_congregation, layout_caves, bh_open_orc_temple
Elf:1:    layout_geoelf_diagonals, serial_shops, shop, minmay_elf_demonology
Elf:2:    nicolae_elf_blades_crystal_corner, layout_geoelf_octagon,
          serial_shops, nicolae_shop_overgrown_old_shop, minivault_19,
          st_stairs_13, uniq_zenata
Elf:3:    minmay_elf_hall_hex, layout_gridlike, nicolae_custom_books,
          st_stairs_10
Vaults:1: portal_desolation_entry_nicolae_nacl, vaults_room_fours,
          vaults_room_boxed, nicolae_vaults_alarming,
          vaults_room_stairs_pillars, v_misc_25, grunt_vaults_hallway_short,
          layout_vaults_quadrants
Vaults:2: nicolae_vaults_octothorpe, vaults_standard_mumra_enter_the_diamond,
          nicolae_vaults_two_Ls, nicolae_vaults_stairing_the_circle,
          nicolae_vaults_mini_display_case, nicolae_vaults_wrenched,
          nicolae_vaults_little_guard_posts, vaults_room_stairs_pillars,
          minmay_crypt_entry_nasty_monster, layout_vaults_big_room, uniq_norris,
          uniq_jory
Vaults:3: hangedman_vaults_trim, vaults_mumra_hex, v_rooms_1, v_alt_pattern_2,
          nicolae_vaults_little_squares_3, nicolae_vaults_tetromino_T_1,
          nicolae_vaults_sesquioval_fish, nicolae_vaults_ninety_degrees,
          nicolae_vaults_murderbox, vaults_room_large_hall,
          layout_vaults_omnicross
Vaults:4: nicolae_vaults_house_1, vaults_room_corners, v_pattern_5, st_star,
          grunt_vaults_trifunnel, nicolae_vaults_sightless_eye,
          vaults_room_fours, nicolae_vaults_trapezoid_3,
          nicolae_vaults_layer_cake_slice, nicolae_vaults_angled_halls,
          nicolae_vaults_hallways_thing, v_misc_30, vaults_room_ringed_pool,
          layout_vaults_maze, uniq_bai_suzhen

Skill      XL: |  1  2  3  4  5  6  7  8  9 10 11 12 13 14 15 16 17 18 19 20 21 |
---------------+----------------------------------------------------------------+-----
Fighting       | 2 3 4 5 7 9 11 14 15 17 19 | 19.0
Unarmed Combat | 4 5 6 8 10 12 14 15 16 18 | 18.1
Shapeshifting  | 5 7 8 9 11 12 14 15 16 17 18 19 21 22 | 22.0
Dodging        | 4 7 9 12 13 14 16 17 18 19 20 | 20.7

Action                     |  1- 3 |  4- 6 |  7- 9 | 10-12 | 13-15 | 16-18 | 19-21 | 22-24 || total
---------------------------+-------+-------+-------+-------+-------+-------+-------+-------++-------
  Melee: Unarmed           |    57 |   253 |   300 |   530 |   993 |  1624 |  1286 |     9 ||  5052
         Tailslap          |     6 |    22 |    51 |    60 |    76 |   332 |   273 |       ||   820
         Punch             |     4 |    12 |    16 |    15 |    37 |    56 |   160 |     3 ||   303
         Constrict         |       |       |       |    39 |   132 |       |       |       ||   171
         Bite              |       |       |       |       |       |    64 |   132 |       ||   196
  Throw: Dart              |       |       |       |     2 |       |       |       |       ||     2
 Invoke: Berserk           |       |       |     3 |    12 |    20 |    32 |    13 |       ||    80
         Trog's Hand       |       |       |       |     4 |     1 |     6 |     5 |       ||    16
         Brothers in Arms  |       |       |       |       |     4 |     4 |     1 |       ||     9
Ability: Combustion Breath |       |       |     4 |     2 |       |       |     4 |       ||    10
         Breathe Fire      |       |       |       |       |       |     1 |     1 |       ||     2
  Evoke: Phantom mirror    |       |     1 |     3 |     1 |       |     1 |     1 |       ||     7
         Wand              |       |       |       |     6 |     3 |     1 |       |       ||    10
         Box of beasts     |       |       |       |       |     1 |       |       |       ||     1
    Use: Scroll            |       |     5 |     3 |     8 |     8 |    15 |     6 |       ||    45
         Potion            |       |     1 |       |       |     1 |     3 |     3 |       ||     8
   Stab: Sleeping          |       |     1 |       |     1 |     3 |       |     8 |       ||    13
         Distracted        |       |       |     1 |       |     1 |       |       |       ||     2
         Paralysed         |       |       |       |       |     2 |       |       |       ||     2
 Armour: Skin              |    23 |   141 |   163 |   319 |   583 |  1098 |   931 |    12 ||  3270
  Dodge: Dodged            |    27 |   172 |   146 |   276 |   656 |  1506 |  1350 |    14 ||  4147
         Repelled          |       |       |       |     1 |       |       |       |       ||     1
         Form:             |       |     1 |       |     1 |     3 |       |       |       ||     5
         Beast             |       |     1 |       |     1 |       |       |       |       ||     2
         Flux              |       |       |       |     1 |     1 |       |       |       ||     2
         Serpent           |       |       |       |     1 |     3 |       |       |       ||     4
         Blade             |       |       |       |       |     1 |       |       |       ||     1
         Dragon            |       |       |       |       |       |     1 |       |       ||     1
         Statue            |       |       |       |       |       |       |     1 |       ||     1

Table legend: (Time is in decaauts)
 A = Elapsed time spent in this place.
 B = Non-inter-level travel time spent in this place.
 C = Inter-level travel time spent in this place.
 D = Time resting spent in this place.
 E = Time spent auto-exploring this place.
 F = Levels seen in this place.
 G = Mean time per level.
                   A        B        C        D        E       F      G
               +--------+--------+--------+--------+--------+-----+--------+
         Total |  51714 |  48473 |   3241 |   4658 |  32468 |  41 | 1261.3 |
       Dungeon |  14846 |  14097 |    749 |    628 |  10681 |  15 |  989.7 |
        Temple |      1 |      1 |      0 |      0 |      0 |   1 |    1.0 |
          Lair |   7190 |   6521 |    669 |    740 |   4655 |   5 | 1438.0 |
         Swamp |   4048 |   3756 |    292 |    359 |   2449 |   4 | 1012.0 |
     Snake Pit |   8400 |   7728 |    672 |    602 |   5446 |   4 | 2100.0 |
  Orcish Mines |   3761 |   3386 |    375 |    627 |   1720 |   2 | 1880.5 |
   Elven Halls |   4307 |   4216 |     91 |    402 |   2631 |   3 | 1435.7 |
        Vaults |   6164 |   5773 |    391 |    468 |   3888 |   4 | 1541.0 |
         Sewer |    658 |    658 |      0 |    125 |    220 |   1 |  658.0 |
       Volcano |   1200 |   1200 |      0 |    645 |     25 |   1 | 1200.0 |
    Desolation |   1134 |   1134 |      0 |     56 |    749 |   1 | 1134.0 |
               +--------+--------+--------+--------+--------+-----+--------+

Top non-repeatable levels by time:
 Snake:3: 2762 daAuts
 Snake:1: 2467 daAuts
    D:11: 2041 daAuts
   Orc:1: 1949 daAuts
 Snake:2: 1828 daAuts
  Lair:5: 1814 daAuts
   Orc:2: 1811 daAuts
  Lair:3: 1707 daAuts
Vaults:4: 1643 daAuts
Vaults:1: 1628 daAuts
Vaults:3: 1593 daAuts
  Lair:2: 1490 daAuts
   Elf:2: 1465 daAuts
   Elf:1: 1426 daAuts
   Elf:3: 1416 daAuts
